 Dungeon Crawl Stone Soup version 0.17.0-57-g0e89251 (console) character file.

2696 Kloppie the Fighter (level 9, -5/79 HPs)
             Began as a Formicid Fighter on Dec 8, 2015.
             Was a Priest of the Shining One.
             Slain by RedWar's ghost (21 damage)
             ... on level 8 of the Dungeon.
             The game lasted 00:09:03 (6156 turns).

Kloppie the Fighter (Formicid Fighter)              Turns: 6156, Time: 00:09:03

Health: -5/79      AC: 11    Str: 22    XL:     9   Next: 97%
Magic:  9/9        EV:  8    Int:  7    God:    the Shining One [***...]
Gold:   452        SH:  9    Dex: 13    Spells: 0 memorised, 8 levels left

rFire  . . .     SeeInvis +     a - +1 war axe
rCold  . . .     Clarity  .     b - +0 scale mail
rNeg   + . .     SustAt   .     c - +0 shield
rPois  +         Gourm    .     (helmet unavailable)
rElec  .         Spirit   .     j - +0 cloak
rCorr  .         Warding  .     f - +1 pair of gloves
rMut   .         Stasis   +     (no boots)
MR     .....                    (no amulet)
Stlth  ..........               q - ring of poison resistance
                                v - +1 ring of protection

@: glowing, not resistant to hostile enchantments, extremely unstealthy
A: permanent stasis, dig shafts and tunnels, four strong arms, antennae 3,
breathe flames 1
a: Dig, Shaft Self, Divine Shield, Renounce Religion, Breathe Fire


You were on level 8 of the Dungeon.
You worshipped the Shining One.
The Shining One was most pleased with you.
You were not hungry.

You visited 1 branch of the dungeon, and saw 8 of its levels.

You collected 474 gold pieces.
You spent 22 gold pieces at shops.

Inventory:

Hand Weapons
 a - a +1 war axe (weapon)
 A - a +0 war axe
Armour
 b - a +0 scale mail (worn)
 c - a +0 shield (worn)
 f - a +1 pair of gloves (worn)
 j - a +0 cloak (worn)
 p - a +0 fire dragon armour
 y - a +0 chain mail
Jewellery
 n - an uncursed ring of magical power
 q - a ring of poison resistance (right hand)
 v - a +1 ring of protection (left hand)
 C - an uncursed ring of positive energy
Wands
 w - a wand of fire (6)
 B - a wand of fire (2)
 D - a wand of fire (5)
 G - a wand of fire (5)
Scrolls
 g - a scroll of amnesia
 i - 2 scrolls of identify
 m - a scroll of remove curse
 o - a scroll of fear
 r - a scroll of fog
 t - 2 scrolls of random uselessness {unknown}
 E - a scroll of immolation {unknown}
 F - 4 scrolls of enchant armour
Potions
 d - 2 potions of curing
 u - a potion of flight
 x - 3 potions of agility
 z - a potion of brilliance
 H - a potion of haste {unknown}
Books
 l - a book of Air

   Spells                             Type                      Level
   a - Shock                          Conjuration/Air              1
   b - Swiftness                      Charms/Air                   2
   c - Repel Missiles                 Charms/Air                   2
   d - Static Discharge               Conjuration/Air              3
   e - Lightning Bolt                 Conjuration/Air              5
Comestibles
 e - 9 bread rations
 h - 9 fruits
 k - 5 beef jerkies
 s - 7 meat rations


   Skills:
 - Level 10.5 Fighting
 + Level 9.3 Axes
 + Level 3.2 Armour
 - Level 3.6 Shields


You had 8 spell levels left.
You didn't know any spells.

Dungeon Overview and Level Annotations

Branches:
Dungeon (8/15)             Temple (0/1) D:4
   Lair: D:8-11

Altars:
Sif Muna
Zin
The Shining One

Shops:
D:7 =

Annotations:
D:8 RedWar's ghost, novice FeBe


Innate Abilities, Weirdness & Mutations

You are under a permanent stasis effect.
You can dig through walls and to a lower floor.
Your four strong arms can wield two-handed weapons with a shield.
You have a pair of large antennae on your head (SInv).
You can breathe flames.


Message History

RedWar's ghost yells, "Who would have thought, even in death it is a pleasure to sever!"
RedWar's ghost hits you!!
* * * LOW HITPOINT WARNING * * *
You barely miss RedWar's ghost.
RedWar's ghost is lightly damaged.
RedWar's ghost hits you.
* * * LOW HITPOINT WARNING * * *
You hit RedWar's ghost.
RedWar's ghost is moderately damaged.
You block RedWar's ghost's attack.
You closely miss RedWar's ghost.
RedWar's ghost is moderately damaged.
RedWar's ghost hits you.
* * * LOW HITPOINT WARNING * * *
RedWar's ghost hits you!! The Shining One protects you from harm!
You completely miss RedWar's ghost.
RedWar's ghost is moderately damaged.
RedWar's ghost hits you!!
You die...

## . .#
####.####
#.......#
#.######.......#
......W@.......#
..######<.......
#.......#
#.......#
#......)#
######.## .. #


You could see RedWar's ghost.

Vanquished Creatures
  A troll (D:6)
  Sigmund (D:3)
  A hungry ghost (D:7)
  A hippogriff (D:6)
  A water moccasin (D:6)
  An ice beast (D:6)
  3 phantoms
  3 centaurs (D:7)
  A necrophage (D:5)
  2 ogres
  A sky beast (D:5)
  A giant frog (D:7)
  A scorpion (D:7)
  2 crimson imps
  2 hounds (D:4)
  A jelly (D:5)
  5 orc wizards (D:4)
  Crazy Yiuf (D:6)
  An orc priest (D:4)
  An iguana (D:6)
  7 worker ants
  A hound skeleton (D:6)
  A hound zombie (D:4)
  A worker ant zombie (D:5)
  Robin (D:2)
  9 adders
  5 gnolls (D:4)
  3 oozes
  2 adder zombies (D:6)
  5 worms
  2 adder skeletons (D:5)
  4 giant geckos
  27 orcs
  A ball python (D:2)
  9 bats
  6 giant cockroaches
  25 goblins
  15 hobgoblins
  3 jackals (D:7)
  16 kobolds
  A quokka (D:3)
  A giant gecko zombie (D:6)
  4 giant newts
  A quokka skeleton (D:4)
  A quokka zombie (D:6)
  5 rats
187 creatures vanquished.

Notes
Turn   | Place    | Note
--------------------------------------------------------------
     0 | D:1      | Kloppie the Formicid Fighter began the quest for the Orb.
     0 | D:1      | Reached XP level 1. HP: 18/18 MP: 1/1
    90 | D:1      | Reached XP level 2. HP: 24/24 MP: 2/2
   263 | D:1      | Reached XP level 3. HP: 28/30 MP: 3/3
   298 | D:1      | Found a glowing golden altar of the Shining One.
   307 | D:1      | Became a worshipper of the Shining One
   569 | D:1      | Reached skill level 4 in Fighting
   725 | D:2      | Noticed Robin
   741 | D:2      | Reached XP level 4. HP: 22/37 MP: 4/4
   744 | D:2      | Killed Robin
  1204 | D:2      | Reached * piety under the Shining One
  1339 | D:2      | Found a deep blue altar of Sif Muna.
  1371 | D:2      | Reached XP level 5. HP: 43/43 MP: 5/5
  1775 | D:3      | Noticed Sigmund
  1790 | D:3      | Killed Sigmund
  1790 | D:3      | Reached skill level 5 in Fighting
  1790 | D:3      | Reached XP level 6. HP: 38/52 MP: 6/6
  2481 | D:4      | Reached skill level 6 in Fighting
  2481 | D:4      | Reached skill level 5 in Axes
  2481 | D:4      | Reached XP level 7. HP: 53/58 MP: 7/7
  2786 | D:4      | Reached skill level 7 in Fighting
  2890 | D:4      | Reached XP level 8. HP: 44/67 MP: 8/8
  2969 | D:4      | Found a staircase to the Ecumenical Temple.
  3115 | D:5      | Entered Level 5 of the Dungeon
  3461 | D:5      | Found a deep blue altar of Sif Muna.
  3911 | D:5      | Reached ** piety under the Shining One
  4018 | D:5      | Reached skill level 8 in Fighting
  4146 | D:5      | Found a glowing silver altar of Zin.
  4248 | D:5      | Gained mutation: You can breathe flames. [potion of beneficial mutation]
  4365 | D:6      | Reached XP level 9. HP: 40/75 MP: 9/9
  4377 | D:6      | Reached skill level 9 in Fighting
  4615 | D:6      | Noticed a troll
  4623 | D:6      | Killed a troll
  4917 | D:6      | Noticed Crazy Yiuf
  4929 | D:6      | Killed Crazy Yiuf
  5518 | D:7      | Found Belipi's Jewellery Shoppe.
  5540 | D:7      | Bought a cursed amulet of inaccuracy for 22 gold pieces
  5567 | D:7      | Reached skill level 10 in Fighting
  5705 | D:7      | Reached *** piety under the Shining One
  6141 | D:8      | Noticed RedWar's ghost (novice FeBe)
  6155 | D:8      | The Shining One protects you from harm!
  6156 | D:8      | Slain by RedWar's ghost

Action                   |  1- 3 |  4- 6 |  7- 9 || total
-------------------------+-------+-------+-------++-------
Melee: War axe           |    95 |    91 |   311 ||   497
  Use: Potion            |       |     1 |     1 ||     2
       Scroll            |       |       |    12 ||    12
  Eat: Chunk             |       |     4 |    13 ||    17
       Pizza             |       |       |     1 ||     1
